 Dungeon Crawl Stone Soup version 0.30-a0-187-gd9c2deaf24 (webtiles) character file.

Game seed: 16480207959206153450

9159 Flugkiller the Fighter (level 11, -1/86 HPs)
             Began as a Mummy Delver on Oct 3, 2022.
             Was the Champion of Okawaru.
             Slain by an unseen horror (4 damage)
             ... on level 9 of the Dungeon.
             The game lasted 00:10:10 (9835 turns).

Flugkiller the Fighter (Mummy Delver)               Turns: 9835, Time: 00:10:11

Health: -1/86      AC:  9    Str: 16    XL:     11   Next: 19%
Magic:  17/17      EV: 19    Int:  9    God:    Okawaru [******]
Gold:   532        SH:  0    Dex: 18    Spells: 10/10 levels left

rFire   x . .      SeeInvis .    H - +3 scimitar
rCold   + . .      Faith    +    (no shield)
rNeg    + + +      Spirit   .    b - +0 leather armour
rPois   ∞          Reflect  .    (no helmet)
rElec   .          Harm     .    o - +0 cloak
rCorr   .          Rampage  .    (no gloves)
Will    +....                    G - +0 pair of boots
Stlth   +++.......               (no amulet)
HPRegen 0.34/turn                v - +4 ring of evasion
MPRegen 0.15/turn                p - +4 ring of protection

@: no status effects
A: cold resistance 1, negative energy resistance 3, torment resistance 2, heat
vulnerability 1, in touch with death 1, no potions, faith
a: Renounce Religion, Heroism, Finesse, Duel


You were on level 9 of the Dungeon.
You worshipped Okawaru.
Okawaru was exalted by your worship.
You visited 2 branches of the dungeon, and saw 11 of its levels.

You collected 532 gold pieces.

Inventory:

Hand Weapons
 a - a +0 falchion
 k - a +0 trident
   (You took it off an orc on level 2 of the Dungeon)
 q - a +2 short sword of draining
   (You took it off Duvessa on level 5 of the Dungeon)
 u - the +7 spear of Piuhuruit {elec, rElec rF+}
   (You found it on level 6 of the Dungeon)

   It occasionally discharges a powerful burst of electricity upon striking a
   foe.
   rF:        It protects you from fire.
   rElec:     It insulates you from electricity.
 C - a +5 falchion of protection
   (Okawaru gifted it to you on level 9 of the Dungeon)
 H - a +3 scimitar (weapon)
   (You took it off a wight on level 9 of the Dungeon)
Missiles
 d - 10 boomerangs (quivered)
 j - 28 poisoned darts
 l - 3 throwing nets
 D - a curare-tipped dart
Armour
 b - a +0 leather armour (worn)
 o - a +0 cloak (worn)
   (You found it on level 4 of the Dungeon)
 G - a +0 pair of boots (worn)
   (You found it on level 9 of the Dungeon)
 I - a +0 kite shield
   (You took it off a gnoll sergeant on level 9 of the Dungeon)
Jewellery
 p - a +4 ring of protection (right hand)
   (You found it on level 4 of the Dungeon)
 v - a +4 ring of evasion (left hand)
   (You found it on level 5 of the Dungeon)
 w - a ring of magical power
   (You found it on level 6 of the Dungeon)
 x - a ring of resist corrosion
   (You found it on level 6 of the Dungeon)
Wands
 f - a wand of digging (3)
 m - a wand of flame (37)
   (You found it on level 4 of the Dungeon)
 n - a wand of paralysis (2)
   (You took it off a hobgoblin on level 4 of the Dungeon)
 A - a wand of light (4)
   (You found it on level 6 of the Dungeon)
 B - a wand of mindburst (9)
   (You found it on level 8 of the Dungeon)
Scrolls
 c - 6 scrolls of fog
 e - 2 scrolls of fear
 g - 3 scrolls of poison
 h - 2 scrolls of enchant weapon
 i - 2 scrolls of amnesia
 s - 3 scrolls of brand weapon
 t - 2 scrolls of teleportation
 y - a scroll of immolation
 z - 2 scrolls of blinking
 E - a scroll of vulnerability
 F - a scroll of torment
 J - a scroll of summoning {unknown}
Miscellaneous
 r - a condenser vane
   (You found it on level 9 of the Dungeon)


   Skills:
 - Level 8.0 Fighting
 + Level 7.6 Long Blades
 - Level 6.0 Dodging
 - Level 4.1 Stealth
 - Level 8.0 Invocations
 - Level 6.0 Evocations


You had 10 spell levels left.
You didn't know any spells.
Your spell library contained the following spells:

 Spells                   Type           Power      Damage    Failure   Level
 Magic Dart               Conj           0%         1d3       45%         1
 Necrotise                Necr           0%         1d4       45%         1
 Searing Ray              Conj           0%         2d4       58%         2
 Ozocubu's Armour         Ice            0%         N/A       83%         3
 Vampiric Draining        Necr           0%         2d6       83%         3
 Fulminant Prism          Conj/Hex       0%         3d6       99%         4
 Agony                    Necr           0%         N/A       100%        5
 Metabolic Englaciation   Hex/Ice        0%         N/A       100%        5
 Simulacrum               Ice/Necr       Unusable   N/A       N/A         6

Dungeon Overview and Level Annotations

Branches:
Dungeon (10/15) Zot: 26950  Temple (1/1) D:5 Zot: 5943    Lair (0/5) D:9
    Orc: D:9-12

Altars:
Ashenzari
Cheibriados
Dithmenos
Fedhas
Gozag
Hepliaklqana
Kikubaaqudgha
Makhleb
Nemelex Xobeh
Okawaru
Qazlal
Ru
Sif Muna
Trog
Uskayaw
Wu Jian
Xom
Yredelemnul
Lugonu

Shops:
D:3 [   D:8 ![*

Annotations:
D:4 Sigmund


Innate Abilities, Weirdness & Mutations

You are immune to poison.
Your flesh is cold resistant. (rC+)
You are immune to negative energy. (rN+++)
You are immune to unholy pain and torment.
You are vulnerable to heat. (rF-)
You are in touch with the powers of death.
You do not drink.
You have a special connection with the divine. (Faith)


Message History

The howler monkey is moderately wounded.
Something hits you. Something hits you but does no damage.
The howler monkey barely misses you. Something hits you.
The howler monkey completely misses you.
The howler monkey misses you. Something barely misses you.
The howler monkey attacks as you move away!
The howler monkey closely misses you. Something hits you.
The howler monkey hoots and howls with incredible vigour! x2
You miss something. Something hits you.
The howler monkey hoots and howls with incredible vigour!
Something barely misses you.
You hit something. Something hits you but does no damage.
You hit the wyvern.
The wyvern is almost dead.
Something barely misses you. The wyvern closely misses you.
You hit the wyvern.
You kill the wyvern!
Okawaru accepts your kill. Something misses you.
The howler monkey hoots and howls with incredible vigour! x2
You closely miss the howler monkey. Something barely misses you.
The howler monkey hoots and howls with incredible vigour!
You hit the howler monkey.
The howler monkey is moderately wounded.
Something barely misses you. x2
The howler monkey completely misses you.
The howler monkey hoots and howls with incredible vigour!
The howler monkey closely misses you.
You slice the howler monkey!!
You kill the howler monkey!
Okawaru accepts your kill. Something hits you but does no damage.
You barely miss the howler monkey. The howler monkey closely misses you.
You barely miss the howler monkey. The howler monkey hits you.
You slash the howler monkey! You punch the howler monkey.
The howler monkey is severely wounded.
The howler monkey hoots and howls with incredible vigour!
You closely miss the howler monkey.
The howler monkey is severely wounded.
Something closely misses you. The howler monkey hits you.
The howler monkey barely misses you.
You hit the howler monkey.
The howler monkey is almost dead.
The howler monkey misses you. The howler monkey closely misses you.
You hit the howler monkey.
You kill the howler monkey!
Okawaru accepts your kill. The howler monkey barely misses you.
You slash the howler monkey!
You kill the howler monkey!
Okawaru accepts your kill. Something hits you!
No target in view!
No target in view!
No target in view!
No target in view!
No target in view!
No target in view!
No target in view!
No target in view!
No target in view!
No target in view!
No target in view!
No target in view!
No target in view!
No target in view!
Something barely misses you. Something hits you but does no damage.
Something closely misses you.
You slash something! Something hits you.
You hit something. Something hits you but does no damage. Something hits you.
There is a stone staircase leading up here.
Something hits you! Something hits you!
There is a stone staircase leading up here.
You slash something! Something hits you. Something hits you. x2
You climb upwards.
Reactivating autopickup.
There is a stone staircase leading down here.
You start resting.
Something hits you!
Deactivating autopickup; reactivate with Ctrl-A.
Something hits you!
* * * LOW HITPOINT WARNING * * *
You hit something but do no damage. Something hits you.
* * * LOW HITPOINT WARNING * * *
Something hits you.
* * * LOW HITPOINT WARNING * * *
Unknown command.
There is a stone staircase leading down here.
You miss something. Something barely misses you. Something closely misses you.
You slash something! Something barely misses you. Something hits you.
* * * LOW HITPOINT WARNING * * *
Aiming: Bolt of Light
Press: ? - help, Shift-Dir - straight line, f - you Something hits you.
* * * LOW HITPOINT WARNING * * *
Something hits you.
You die...

#...................#
#.#######.####...#### #.# #.#
###.# #.# #.# #.#
#######.#######.# #.#
#.............#.# #.#
#.####^####.#...# #.# ##.#
).... #.###.# #.#
#..#.......#.###@# #.#
#..#.......#.....# #.#
#..#..._...#.###.# #.#
...#.......#..##.######.##
.#.#.......#.............#####
...# #...#.######......#
...#########.###.# ##.###.####
.............# #.# #.# #.....
#####..##.######.## #.# ######


There were no monsters in sight!

Vanquished Creatures
  A two-headed ogre (D:5)
  Pikel (D:8)
  A troll (D:9)
  2 hornets (D:8)
  19 yaks
  3 wyverns
  A steam dragon (D:7)
  A water moccasin (D:8)
  Duvessa (D:5)
  An ice beast (D:7)
  4 orc warriors
  9 ogres
  5 centaurs
  A lemure (D:8)
  A phantom (D:6)
  3 kobold brigands (D:9)
  Blork the orc (D:5)
  6 bullfrogs
  A gnoll sergeant (D:9)
  A scorpion (D:6)
  4 wights (D:9)
  Dowan (D:5)
  6 killer bees (D:9)
  4 howler monkeys
  An electric eel (D:8)
  4 hounds
  3 jellies (D:5)
  3 gnoll boudas (D:9)
  4 orc priests
  4 iguanas
  3 orc wizards
  8 adders
  15 gnolls
  3 white imps
  An ufetubus (D:7)
  2 worms (D:3)
  2 dart slugs
  17 orcs
  6 bats
  3 endoplasms (D:1)
  A giant cockroach (D:1)
  6 goblins
  5 hobgoblins
  3 jackals (D:1)
  8 kobolds
  A quokka (D:3)
  9 ball pythons
  A frilled lizard (D:3)
  2 rats
193 creatures vanquished.

Vanquished Creatures (others)
  A human (D:4)
  2 fungi (D:9)
  11 plants (D:9)
14 creatures vanquished.

Grand Total: 207 creatures vanquished

Notes
Turn   | Place    | Note
-------+----------+-------------------------------------------
     0 | D:5      | Flugkiller the Mummy Delver began the quest for the Orb.
     0 | D:5      | Reached XP level 1. HP: 18/18 MP: 1/1
    48 | D:5      | Noticed a two-headed ogre
    61 | D:5      | Reached XP level 2. HP: 16/24 MP: 2/2
   196 | D:5      | Found a staircase to the Ecumenical Temple.
   205 | Temple   | Entered the Ecumenical Temple
   248 | Temple   | Became a worshipper of Warmaster Okawaru
   291 | D:5      | Noticed an ogre
   335 | D:4      | Noticed Sigmund
   407 | D:3      | Found a shadowy altar of Dithmenos.
   868 | D:1      | Gained mutation: You are in touch with the powers of death.
                  | [Mummy growth]
   868 | D:1      | Reached XP level 3. HP: 17/29 MP: 3/3
  1702 | D:2      | Found a faded altar of an unknown god.
  2393 | D:3      | Found Lumeycs's Armour Shop.
  2417 | D:3      | Found a shimmering blue altar of Sif Muna.
  2418 | D:3      | Found a shimmering altar of Xom.
  2965 | D:4      | Reached XP level 4. HP: 31/35 MP: 4/4
  2966 | D:4      | Found a broken altar of Ashenzari.
  3035 | D:4      | Found an ancient bone altar of Kikubaaqudgha.
  3105 | D:4      | Noticed a human
  3106 | D:4      | Killed a human
  3192 | D:4      | Paralysed by a hobgoblin for 5 turns
  3201 | D:4      | Paralysed by a hobgoblin for 5 turns
  3205 | D:4      | Noticed an ogre
  3387 | D:4      | Reached XP level 5. HP: 41/41 MP: 5/5
  3397 | D:4      | Found a sparkling altar of Nemelex Xobeh.
  3464 | D:4      | Killed an ogre
  3465 | D:4      | Reached skill level 5 in Long Blades
  3748 | D:5      | Reached XP level 6. HP: 41/47 MP: 6/6
  3856 | D:5      | Reached * piety under Okawaru
  3951 | D:5      | Reached XP level 7. HP: 33/52 MP: 4/7
  4078 | D:5      | Noticed Blork the orc
  4138 | D:5      | Noticed Duvessa
  4156 | D:5      | Noticed Dowan
  4157 | D:5      | Killed Duvessa
  4170 | D:5      | Killed Dowan
  4210 | D:5      | Killed Blork the orc
  4244 | D:5      | Killed a two-headed ogre
  4244 | D:5      | Reached ** piety under Okawaru
  4244 | D:5      | Reached *** piety under Okawaru
  4245 | D:5      | Reached XP level 8. HP: 56/58 MP: 7/10
  4272 | D:5      | Found a hide-covered altar of Uskayaw.
  4634 | D:6      | Found a snail-covered altar of Cheibriados.
  4743 | D:6      | Identified the +7 spear of Piuhuruit {elec, rElec rF+}
  5314 | D:6      | Reached skill level 5 in Fighting
  5322 | D:6      | Reached XP level 9. HP: 17/68 MP: 9/12
  5326 | D:6      | Reached **** piety under Okawaru
  6414 | D:7      | Reached skill level 5 in Dodging
  6864 | D:8      | Found Tesuffyg's Distillery.
  6897 | D:8      | Reached ***** piety under Okawaru
  6932 | D:8      | Reached XP level 10. HP: 38/77 MP: 13/13
  7073 | D:8      | Found Xidyg's Armour Shoppe.
  7080 | D:8      | Found Hewkaub's General Store.
  7461 | D:8      | Noticed Pikel
  7484 | D:8      | Killed Pikel
  7485 | D:8      | Reached skill level 5 in Invocations
  7585 | D:8      | Noticed a cyclops
  7597 | D:8      | Reached skill level 5 in Evocations
  7919 | D:8      | Noticed a centaur warrior
  7971 | D:8      | Noticed a rakshasa
  8286 | D:9      | Received a gift from Okawaru
  8788 | D:9      | Reached XP level 11. HP: 84/86 MP: 16/16
  8906 | D:9      | Found an ornate altar of the Wu Jian Council.
  9218 | D:9      | Found a blossoming altar of Fedhas.
  9221 | D:9      | Found a staircase to the Lair.
  9361 | D:9      | Received a gift from Okawaru
  9476 | D:9      | Found a basalt altar of Yredelemnul.
  9713 | D:9      | Reached ****** piety under Okawaru
  9787 | D:10     | Entered Level 10 of the Dungeon
  9835 | D:9      | HP: 3/86 [something (5)]
  9835 | D:9      | Slain by an unseen horror

Illustrated notes

Levels and vault maps discovered:
D:1:      minmay_arrival_four_houses, layout_basic
D:2:      layout_basic, hellmonk_ecumenical_altar_heavens_door
D:3:      layout_loops_cross, mainiacjoe_overflow_chevrons,
          grunt_temple_overflow_open, serial_shops, shop, corexii_shack,
          chequers_serial_rivers_micro_b, chequers_serial_rivers_small_b,
          skrybe_limestone_x
D:4:      layout_rooms, lemuel_doored_altar, nemelex_diamond_rough_becter,
          tgw_kikubaaqudgha, uniq_sigmund
D:5:      layout_basic, eat_drink_and_be_merry_uskayaw,
          minmay_temple_entry_statues, minmay_chambers_of_fives, uniq_duvessa,
          uniq_blork_the_orc
D:6:      layout_layer_cave, marbit_many_paths, minmay_hedge_maze
D:7:      layout_basic, chequers_serial_rivers_small_3
D:8:      minmay_the_grid_plus_closed [minmay_the_grid_minigrid_medium,
          minmay_the_grid_minigrid_small_alt, minmay_the_grid_outer_diamond,
          minmay_the_grid_minigrid_large, minmay_the_grid_prize_inner_circle],
          layout_loops_corners, serial_glass, glass_columns_b, glass_columns_b,
          serial_shops, nicolae_stop_n_shop_1, nicolae_shop_crystal,
          nicolae_shop_window_shopping, nicolae_shop_hallway_stairs,
          nicolae_shop_crystal, serial_park_tiny_1, kennysheep_potato,
          uniq_grum, uniq_pikel
D:9:      kennysheep_seaside_town, layout_loops_ring, kennysheep_mini,
          fedhas_ov_isle_minmay, lemuel_tele_altar
D:10:     layout_roguey, mainiacjoe_overflow_catwalk,
          nicolae_shop_i_like_big_books
Temple:   corrupted_temple

Skill      XL: |  1  2  3  4  5  6  7  8  9 10 11 |
---------------+----------------------------------+-----
Long Blades    | 2 3 4 5 6 7 |  7.6
Invocations    | 3 4 7 8 |  8.0
Evocations     | 3 4 6 |  6.0
Fighting       | 5 6 8 |  8.0
Dodging        | 2 6 |  6.0
Stealth        | |  4.1

Action                   |  1- 3 |  4- 6 |  7- 9 | 10-12 || total
-------------------------+-------+-------+-------+-------++-------
Melee: Falchion          |   119 |   114 |    15 |    71 ||   319
       Punch             |     1 |     1 |     9 |     6 ||    17
       Short sword       |       |       |    73 |       ||    73
       Spear             |       |       |   138 |   230 ||   368
       Scimitar          |       |       |       |    76 ||    76
Invok: Heroism           |       |     1 |     2 |     5 ||     8
       Finesse           |       |       |       |     1 ||     1
Evoke: Wand              |       |    11 |    10 |     6 ||    27
  Use: Scroll            |     6 |     1 |     4 |     3 ||    14
 Stab: Sleeping          |     7 |     2 |     8 |     2 ||    19
       Paralysed         |       |     9 |    14 |       ||    23
       Distracted        |       |       |     1 |       ||     1
       Invisible         |       |       |     1 |       ||     1
Armor: Leather armour    |    31 |    34 |    23 |    59 ||   147
Dodge: Dodged            |   118 |    72 |   139 |   364 ||   693

Table legend: (Time is in decaauts)
 A = Elapsed time spent in this place.
 B = Non-inter-level travel time spent in this place.
 C = Inter-level travel time spent in this place.
 D = Time resting spent in this place.
 E = Time spent auto-exploring this place.
 F = Levels seen in this place.
 G = Mean time per level.
                   A        B        C        D        E       F      G
               +--------+--------+--------+--------+--------+-----+--------+
         Total |   9859 |   9484 |    375 |   1872 |   5431 |  11 |  896.3 |
       Dungeon |   9802 |   9439 |    363 |   1872 |   5411 |  10 |  980.2 |
        Temple |     56 |     44 |     12 |      0 |     20 |   1 |   56.0 |
               +--------+--------+--------+--------+--------+-----+--------+

Top non-repeatable levels by time:
     D:9: 1588 daAuts
     D:6: 1482 daAuts
     D:5: 1298 daAuts
     D:8: 1268 daAuts
     D:1: 1138 daAuts
     D:3: 787 daAuts
     D:7: 754 daAuts
     D:4: 753 daAuts
     D:2: 690 daAuts
  Temple: 56 daAuts
    D:10: 41 daAuts
